 Dungeon Crawl Stone Soup version 0.19-a0-1337-g9bf5fb0 (webtiles) character file.

704 MrRokkomies the Skirmisher (level 7, -1/78 HPs)
             Began as an Ogre Skald on Sept 1, 2016.
             Was a Follower of Dithmenos.
             Slain by an ogre
             ... wielding a +0 giant club
              (23 damage)
             ... on level 4 of the Dungeon.
             The game lasted 00:18:45 (3813 turns).

MrRokkomies the Skirmisher (Ogre Skald)             Turns: 3813, Time: 00:18:46

Health: -1/78      AC:  3    Str: 18    XL:     7   Next: 66%
Magic:  3/3        EV: 10    Int: 11    God:    Dithmenos [*.....]
Gold:   124        SH:  0    Dex: 11    Spells: 4 memorised, 2 levels left

rFire  . . .     SeeInvis .     s - +2 quarterstaff (antimagic)
rCold  . . .     Gourm    .     b - +0 robe
rNeg   . . .     Faith    .     (shield currently unavailable)
rPois  .         Spirit   .     (helmet restricted)
rElec  .         Dismiss  .     (no cloak)
rCorr  +         Reflect  .     (gloves unavailable)
MR     .....     Harm     .     (boots unavailable)
Stlth  +.........               o - amulet of rage
                                (no ring)
                                h - ring of resist corrosion

@: exhausted, slowed, wreathed by umbra, very slow
A: unfitting armour, tough skin 1
a: Renounce Religion, Evoke Berserk Rage


You were on level 4 of the Dungeon.
You worshipped Dithmenos.
Dithmenos was aware of your devotion.
You were very hungry.

You visited 1 branch of the dungeon, and saw 4 of its levels.
You also visited: Sewer.

You collected 124 gold pieces.

Inventory:

Hand Weapons
 a - a +0 mace
 s - a +2 antimagic quarterstaff (weapon)
Missiles
 g - 5 tomahawks (quivered)
 i - 86 stones
 r - 16 poisoned needles
Armour
 b - a +0 robe (worn)
Jewellery
 h - a ring of resist corrosion (left hand)
 o - an amulet of rage (around neck)
 t - a +4 amulet of reflection
Scrolls
 d - a scroll of enchant weapon
Potions
 e - a potion of brilliance
 f - a potion of resistance
 j - a potion of invisibility {unknown}
 l - a potion of curing
 m - a potion of heal wounds {unknown}
 u - a potion of haste {unknown}
Books
 c - a book of Battle

   Spells                             Type                      Level
   a - Infusion                       Charms                       1
   b - Shroud of Golubria             Charms/Translocation         2
   c - Song of Slaying                Charms                       2
   d - Spectral Weapon                Hexes/Charms                 3
   e - Regeneration                   Charms/Necromancy            3
Comestibles
 n - a slice of pizza
 p - 2 meat rations


   Skills:
 - Level 7.5 Fighting
 - Level 7.1 Maces & Flails
 - Level 1.3 Dodging
 - Level 2.4 Spellcasting
 * Level 2.9 Charms
 * Level 1.6 Evocations


You had 2 spell levels left.
You knew the following spells:

 Your Spells              Type           Power        Failure   Level  Hunger
a - Infusion              Chrm           #...         10%         1    ##.....
b - Shroud of Golubria    Chrm/Tloc      #.........   24%         2    ###....
c - Song of Slaying       Chrm           #.......     14%         2    ###....
d - Spectral Weapon       Hex/Chrm       #.......     47%         3    ####...


Dungeon Overview and Level Annotations

Branches:
Dungeon (4/15)             Temple (0/1) D:4

Altars:
Dithmenos
Hepliaklqana
Yredelemnul

Annotations:
D:4 Dowan, Duvessa


Innate Abilities, Weirdness & Mutations

You are too large for most types of armour.
You have tough skin. (AC +1)


Message History

You kill the hound!
Dithmenos accepts your kill. The ogre barely misses you.
You hit the ogre.
The ogre is lightly wounded.
The ogre closely misses you.
You hit the ogre but do no damage.
The ogre is lightly wounded.
The ogre hits you with a giant club!! x2
* * * LOW HITPOINT WARNING * * *
You sock the ogre!
The ogre is heavily wounded.
The ogre closely misses you.
You completely miss the ogre.
The ogre is heavily wounded.
The ogre closely misses you.
You hit the ogre.
The ogre is heavily wounded.
The ogre closely misses you. The ogre hits you with a giant club!!
You die...

#############
##.....#.....## ######
##.............##
##.....###...............#
#.......##...............#
[........O...............#
.........#@..............#
.........#...............#
.........#.......))......#
.........##.......).....##
.........###.....#.....##
.........# #############
.........# .......<.#
.........#


You could see an ogre.

Vanquished Creatures
  Grinder (D:3)
  Blork the orc (D:4)
  2 giant frogs (Sewer)
  2 hounds (D:4)
  An orc priest (D:4)
  Jessica (D:2)
  An orc wizard (D:4)
  2 river rats (D:3)
  6 adders
  3 worms
  4 giant geckos
  4 orcs
  4 ball pythons
  7 giant cockroaches
  10 goblins
  2 hobgoblins
  5 jackals (D:1)
  6 bats
  9 giant newts
  9 kobolds
  10 rats
90 creatures vanquished.

Notes
Turn   | Place    | Note
-------+----------+-------------------------------------------
     0 | D:1      | MrRokkomies the Ogre Skald began the quest for the Orb.
     0 | D:1      | Reached XP level 1. HP: 22/22 MP: 3/3
    98 | D:1      | Reached XP level 2. HP: 25/31 MP: 5/5
   488 | D:1      | Reached XP level 3. HP: 32/39 MP: 6/6
   497 | D:1      | Learned a level 2 spell: Shroud of Golubria
   500 | D:1      | Learned a level 2 spell: Song of Slaying
   730 | D:2      | Noticed Jessica
   737 | D:2      | Killed Jessica
   988 | D:2      | Reached XP level 4. HP: 45/49 MP: 4/7
  1304 | D:2      | Reached skill level 5 in Fighting
  1362 | D:2      | You fall through a shaft for 2 floors!
  1368 | D:4      | Found a staircase to the Ecumenical Temple.
  1370 | D:4      | Noticed Blork the orc
  1474 | D:3      | Found a glowing drain.
  1612 | Sewer    | Entered a sewer
  1638 | Sewer    | Reached XP level 5. HP: 28/57 MP: 8/8
  2356 | Sewer    | Reached skill level 5 in Maces & Flails
  2457 | Sewer    | Reached XP level 6. HP: 41/68 MP: 4/9
  2531 | D:3      | Learned a level 3 spell: Spectral Weapon
  2648 | D:3      | Found a shadowy altar of Dithmenos.
  2648 | D:3      | Found a basalt altar of Yredelemnul.
  2654 | D:3      | Became a worshipper of Dithmenos the Shadowed
  3225 | D:3      | Noticed Grinder
  3228 | D:3      | Paralysed by Grinder for 5 turns
  3250 | D:3      | Killed Grinder
  3250 | D:3      | Reached XP level 7. HP: 57/78 MP: 3/10
  3390 | D:3      | Found a faded altar of an unknown god.
  3411 | D:3      | Found a hazy altar of Hepliaklqana.
  3493 | D:3      | You fall through a shaft!
  3497 | D:4      | Noticed Duvessa
  3497 | D:4      | Noticed Dowan
  3521 | D:4      | Reached skill level 1 in Evocations
  3799 | D:4      | Killed Blork the orc
  3799 | D:4      | Reached * piety under Dithmenos
  3813 | D:4      | Slain by an ogre

Vault maps used:
D:1:      minmay_arrival_plants_in_alcoves
D:2:      uniq_jessica
D:3:      gammafunk_temple_overflow_statue, lemuel_doored_altar,
          portal_sewer_entry_c, ecumenical_altar_2, first_bread,
          bh_walls_and_bars, uniq_grinder
D:4:      cheibriados_altar_1, uniq_sigmund, uniq_duvessa, uniq_blork_the_orc
Sewer:    sewer_frog_island_01

Skill      XL: |  1  2  3  4  5  6  7 |
---------------+----------------------+-----
Fighting       | 3 4 5 6 7 |  7.5
Maces & Flails | 3 4 5 7 |  7.1
Evocations     | 1 |  1.6
Dodging        | |  1.3
Spellcasting   | |  2.4
Charms         | |  2.9

Action                   |  1- 3 |  4- 6 |  7- 9 || total
-------------------------+-------+-------+-------++-------
Melee: Mace              |    94 |   152 |       ||   246
       Quarterstaff      |       |    49 |    40 ||    89
Throw: Tomahawk          |       |     5 |       ||     5
 Cast: Shroud of Golubri |     1 |     9 |       ||    10
       Infusion          |       |     2 |       ||     2
       Spectral Weapon   |       |       |     1 ||     1
 Abil: Evoke Berserk Rag |       |     3 |     1 ||     4
  Use: Scroll            |     3 |     6 |     2 ||    11
       Potion            |       |     1 |     2 ||     3
 Stab: Distracted        |     1 |       |       ||     1
       Sleeping          |       |     1 |       ||     1
  Eat: Chunk             |       |     3 |     1 ||     4
       Bread ration      |       |     2 |       ||     2
Armor: Robe              |    41 |    80 |    16 ||   137
Dodge: Dodged            |    52 |   116 |    37 ||   205
Block: Other             |       |     2 |    10 ||    12
       Reflection        |       |       |     1 ||     1
